AoeStats
← _The_Lion

Arena

504148955Analyzed
4v4 RM · 29d ago on Sep 4, 2026· 53m 12s· 8 players
Game mode
Random Map
Map size
Large (8 player)
Population
200
Speed
Normal
Resources
Standard
Victory
Conquest
Starting age
Dark Age
Ending age
Imperial Age
RankedLock teamsTeams togetherTeam positionsShared explorationLock speedFull tech treeHidden civsTurbo modeCheats
Victory
Defeat
🇨🇴 Slavs · Colombia
1684
+9
🇻🇳 Spanish · Vietnam
1598
+13
🇧🇷 Lithuanians · Brazil
1564
+14
🇲🇽 Teutons · Mexico
1473
+18
🇨🇳 Burmese · China
1655
-19
🇹🇭 Bengalis · Thailand
1491
-12
🇨🇦 Khmer · Canada
1485
-12
🇨🇦 Celts · Canada
1470
-11
Seifer
5:42 Loom
8:30 Feudal Age
13:35 Town Watch
13:42 Horse Collar
15:07 Double-Bit Axe
16:00 Fletching
24:18 Castle Age
22:47 Stone Mining
24:01 Wheelbarrow
25:19 Bow Saw
25:10 Heavy Plow
26:36 Fortified Wall
28:14 Gold Mining
30:24 Hand Cart
33:49 Imperial Age
31:52 Forging
31:42 Scale Mail Armor
33:28 Iron Casting
33:02 Pikeman
34:26 Squires
34:42 Chain Mail Armor
35:58 Two-Man Saw
35:40 Halberdier
35:58 Onager
37:37 Plate Mail Armor
38:08 Blast Furnace
37:03 Arson
38:03 Bodkin Arrow
39:14 Chemistry
38:57 Crop Rotation
42:51 Conscription
42:51 Ironclad
44:27 Ballistics
44:14 Siege Engineers
44:30 Ballistics
Tylenol
10:30 Feudal Age
14:48 Castle Age
13:02 Horse Collar
13:42 Double-Bit Axe
15:51 Bow Saw
23:52 Scale Barding Armor
24:49 Heavy Plow
25:22 Forging
26:00 Husbandry
28:10 Wheelbarrow
27:45 Stone Mining
28:56 Chain Barding Armor
29:11 Gold Mining
34:17 Imperial Age
31:41 Fletching
32:20 Ballistics
32:11 Padded Archer Armor
32:33 Bodkin Arrow
32:31 Elite Skirmisher
34:07 Leather Archer Armor
34:29 Hand Cart
34:01 Loom
34:01 Town Watch
35:11 Iron Casting
35:08 Tower Shields
35:29 Conscription
36:12 Chemistry
35:30 Bracer
35:26 Treadmill Crane
36:59 Two-Man Saw
37:16 Ring Archer Armor
37:31 Plate Barding Armor
39:57 Stone Shaft Mining
39:54 Crop Rotation
39:18 Elite Leitis
40:34 Hoardings
40:14 Town Patrol
43:28 Masonry
43:13 Murder Holes
45:22 Architecture
The .Gocho
10:30 Feudal Age
12:41 Double-Bit Axe
15:09 Castle Age
13:44 Horse Collar
17:56 Loom
24:35 Wheelbarrow
25:08 Bow Saw
25:33 Heavy Plow
26:09 Hand Cart
27:21 Gold Mining
28:04 Detinets
27:53 Town Watch
31:12 Imperial Age
29:14 Scale Mail Armor
29:24 Forging
29:28 Squires
28:48 Pikeman
28:49 Man-at-Arms
31:02 Husbandry
31:12 Bloodlines
31:39 Iron Casting
31:19 Chain Mail Armor
31:37 Fletching
31:56 Scale Barding Armor
31:29 Halberdier
32:32 Conscription
31:36 Capped Ram
33:29 Siege Ram
34:48 Plate Mail Armor
35:24 Blast Furnace
34:21 Bodkin Arrow
34:40 Masonry
36:36 Two-Man Saw
37:16 Druzhina
36:48 Sappers
41:37 Chemistry
40:43 Siege Engineers
41:32 Hoardings
40:25 Onager
40:53 Elite Boyar
41:59 Chain Barding Armor
41:43 Padded Archer Armor
42:05 Siege Onager
44:06 Plate Barding Armor
43:54 Ballistics
44:07 Crop Rotation
49:55 Murder Holes
51:34 Stone Mining
52:19 Gold Shaft Mining
luanb10
10:51 Feudal Age
14:33 Castle Age
12:57 Double-Bit Axe
15:13 Loom
21:17 Wheelbarrow
30:34 Hand Cart
31:47 Bloodlines
31:38 Husbandry
35:55 Imperial Age
37:24 Conscription
37:10 Scale Barding Armor
39:07 Bow Saw
39:10 Elite Skirmisher
39:33 Elite Conquistador
41:38 Guilds
41:59 Coinage
41:29 Caravan
43:07 Padded Archer Armor
45:47 Leather Archer Armor
45:53 Chain Barding Armor
46:36 Two-Man Saw
46:50 Banking
46:26 Gold Mining
46:27 Stone Mining
48:19 Capped Ram
50:47 Ring Archer Armor
50:52 Plate Barding Armor
50:07 Town Watch
50:21 Siege Ram
_The_Lion
10:05 Feudal Age
14:13 Castle Age
12:45 Loom
12:56 Double-Bit Axe
22:12 Ballistics
41:13 Horse Collar
45:38 Heavy Plow
T1m
10:48 Feudal Age
13:52 Castle Age
12:50 Double-Bit Axe
12:45 Horse Collar
14:45 Bloodlines
17:29 Light Cavalry
18:55 Forging
21:34 Iron Casting
22:33 Wheelbarrow
21:43 Town Watch
22:38 Scale Barding Armor
26:45 Husbandry
27:36 Chain Barding Armor
28:59 Heavy Plow
29:11 Bow Saw
31:27 Hand Cart
30:58 Loom
35:57 Imperial Age
33:23 Gold Mining
33:24 Stone Mining
34:48 Gold Shaft Mining
34:49 Stone Shaft Mining
36:08 Fletching
36:30 Fortified Wall
36:30 Masonry
36:53 Ballistics
36:47 Masonry
37:59 Bodkin Arrow
37:59 Capped Ram
38:54 Bracer
41:03 Blast Furnace
39:28 Siege Ram
42:29 Siege Engineers
43:25 Chemistry
42:56 Architecture
42:37 Fortified Wall
44:49 Crop Rotation
46:24 Murder Holes
tim.13
7:11 Loom
9:06 Feudal Age
8:54 Loom
13:33 Horse Collar
19:24 Gold Mining
24:08 Castle Age
22:01 Stone Mining
23:31 Wheelbarrow
26:29 Gold Shaft Mining
32:29 Imperial Age
30:27 Heavy Plow
32:24 Padded Archer Armor
34:11 Conscription
33:45 Elite Arambai
34:50 Ballistics
35:59 Chemistry
38:41 Coinage
38:30 Bloodlines
38:34 Husbandry
39:22 Fortified Wall
39:34 Manipur Cavalry
43:25 Banking
43:19 Caravan
43:20 Town Watch
48:30 Fletching
49:45 Parthian Tactics
503058320
10:26 Feudal Age
11:31 Loom
14:16 Castle Age
12:46 Double-Bit Axe
13:31 Horse Collar
22:37 Bow Saw
23:35 Wheelbarrow
24:50 Hand Cart
25:44 Gold Mining
29:49 Imperial Age
27:42 Ballistics
27:46 Fletching
28:30 Heavy Plow
29:19 Padded Archer Armor
29:15 Bodkin Arrow
31:41 Chemistry
31:48 Gold Shaft Mining
31:05 Stone Mining
31:44 Bloodlines
31:35 Husbandry
31:36 Treadmill Crane
32:58 Paiks
32:31 Elite Elephant Archer
33:03 Town Watch
33:51 Coinage
33:11 Siege Elephant
34:51 Masonry
35:10 Leather Archer Armor
34:55 Bracer
37:48 Leather Archer Armor
39:34 Ring Archer Armor
39:39 Conscription
39:33 Onager
42:20 Elite Skirmisher
Connection lost

Rejoining the realm…

Still unreachable

The connection could not be restored.

Session expired

The server has moved on; the page needs a fresh start.